 Dungeon Crawl Stone Soup version 0.29.1-15-g9cfb28693d (webtiles) character file.

Game seed: 14042901036676548294

77 Hugehornet the Changer (level 4, -3/28 HPs)
             Began as an Octopode Transmuter on Mar 25, 2023.
             Slain by an orc
             ... wielding a +0 flail
              (9 damage)
             ... on level 3 of the Dungeon.
             The game lasted 00:02:19 (2060 turns).

Hugehornet the Changer (Octopode Transmuter)        Turns: 2060, Time: 00:02:19

Health: -3/28      AC:  1    Str:  9    XL:     4   Next: 33%
Magic:  5/7        EV: 13    Int: 17    God:
Gold:   128        SH:  0    Dex: 12    Spells: 3/7 levels left

rFire   . . .      SeeInvis .     - Unarmed
rCold   . . .      Faith    .   (no shield)
rNeg    . . .      Spirit   .   (helmet currently unavailable)
rPois   .          Reflect  .   (no amulet)
rElec   .          Harm     .   (no ring)
rCorr   .          Rampage  .   (no ring)
Will    .....                   (no ring)
Stlth   ++........              (no ring)
HPRegen 0.09/turn               (no ring)
MPRegen 0.10/turn               (no ring)
                                (no ring)
                                (no ring)

@: appendages
A: tentacle spike 3, almost no armour, amphibious, 8 rings, camouflage 1,
gelatinous body 1, (nimble swimmer 1), tentacles
a: End Transformation


You were on level 3 of the Dungeon.
One of your tentacles had grown a beastly spike.
You visited 1 branch of the dungeon, and saw 3 of its levels.

You collected 128 gold pieces.

Inventory:

Jewellery
 h - an amulet of magic regeneration
 l - a ring of positive energy
 n - a ring of poison resistance
 p - a ring of positive energy
Wands
 j - a wand of charming (9)
Scrolls
 d - a scroll of immolation {unknown}
 f - a scroll of brand weapon {unknown}
 g - a scroll of enchant weapon {unknown}
 i - a scroll of magic mapping {unknown}
 k - a scroll of teleportation {unknown}
 m - a scroll of poison {unknown}
Potions
 a - 2 potions of lignification
 b - 2 potions of attraction {unknown}
 c - 2 potions of cancellation {unknown}
 e - a potion of heal wounds {unknown}
 o - a potion of flight {unknown}
 q - a potion of mutation {unknown}


   Skills:
 - Level 1.0 Fighting
 - Level 2.0 Dodging
 - Level 3.0 Unarmed Combat
 - Level 2.0 Spellcasting
 + Level 3.9 Transmutations
 * Level 2.2 Poison Magic


You had 3 spell levels left.
You knew the following spells:

 Your Spells              Type           Power      Damage    Failure   Level
a - Beastly Appendage     Tmut           30%        N/A       3%          1
b - Spider Form           Tmut/Pois      12%        N/A       16%         3

Your spell library contained the following spells:

 Spells                   Type           Power      Damage    Failure   Level
 Wereblood                Tmut           15%        N/A       6%          2
 Necrotise                Necr           4%         1d4       19%         1
 Ice Form                 Ice/Tmut       8%         N/A       65%         4


Dungeon Overview and Level Annotations

Branches:
Dungeon (3/15)

Altars:
Hepliaklqana


Innate Abilities, Weirdness & Mutations

One of your tentacles has grown a beastly spike.
You cannot wear most types of armour.
You are amphibious.
You can wear up to eight rings at the same time.
Your skin changes colour to match your surroundings (Stealth+).
Your rubbery body absorbs attacks. (AC +1, EV +1)
((You are camouflaged when in or above water. (Stealth+)))
You have tentacles for arms and can constrict up to eight enemies at once.


Message History

Confirm with . or Enter, or press ? or * to list all spells.
You miscast Beastly Appendage.
You are very lightly contaminated with residual magic.
Nothing appears to happen.
An orc comes into view. It is wielding a +0 flail.
An orc priest comes into view. It is wielding a +0 flail.
Found a book of Burglary.
The orc priest shouts! x2; The orc shouts! x2
You tentacle-slap the orc priest but do no damage.
Your grab misses the orc priest. The orc priest misses you.
You barely miss the orc priest. You grab the orc priest.
You constrict the orc priest. The orc priest barely misses you.
The orc closely misses you.
Casting: Beastly Appendage (safe; 4% risk of failure)
Confirm with . or Enter, or press ? or * to list all spells.
One of your tentacles grows a vicious spike.
You constrict the orc priest.
The orc priest looks satisfied for a moment.
The orc barely misses you.
You tentacle-slap the orc priest.
You pierce the orc priest.
You squeeze the orc priest.
The orc priest is severely wounded.
You constrict the orc priest.
The orc priest hits you with a +0 flail.
The orc hits you with a +0 flail.
Your magical contamination has completely faded away.
You barely miss the orc priest.
You pierce the orc priest.
You kill the orc priest!
The orc hits you with a +0 flail!
* * * LOW HITPOINT WARNING * * *
Your Poison Magic skill increases to level 2!
You have reached level 4!
You tentacle-slap the orc priest but do no damage.
Your grab misses the orc priest. You squeeze the orc priest!
The orc priest is severely wounded.
The orc priest barely misses you. The orc misses you.
You tentacle-slap the orc priest.
You kill the orc priest!
The orc hits you with a +0 flail!
You die...

#.....#
#####.# # #.#
# #.# # #.# #
#.# # # #.#
##.####
.####.###.#
......#
.....oo@..#
...##.#
.##...)#.##
#..# #.P$:PP#
#.....
....§...P.
######
.##...P#...
#P#P§P.....
......P§...P.
.#P..§P§§.P..#


You could see 2 orcs.

Vanquished Creatures
  2 orc priests (D:3)
  An adder (D:2)
  A worm (D:2)
  5 ball pythons
  5 endoplasms
  A giant cockroach (D:3)
  3 hobgoblins
  4 bats
  3 frilled lizards
  6 goblins
  6 rats
37 creatures vanquished.

Vanquished Creatures (others)
  A plant (D:2)
1 creature vanquished.

Grand Total: 38 creatures vanquished

Notes
Turn   | Place    | Note
-------+----------+-------------------------------------------
     0 | D:1      | Hugehornet the Octopode Transmuter began the quest for the
                  | Orb.
     0 | D:1      | Reached XP level 1. HP: 13/13 MP: 3/3
   305 | D:1      | Reached XP level 2. HP: 16/18 MP: 3/5
  1298 | D:2      | Reached XP level 3. HP: 23/23 MP: 4/6
  1437 | D:2      | Found a faded altar of an unknown god.
  1455 | D:2      | Got Plato's Anthology of Unholy Rites
  1460 | D:2      | Learned a level 3 spell: Spider Form
  1584 | D:2      | Reached skill level 1 in Poison Magic
  2050 | D:3      | Found a hazy altar of Hepliaklqana.
  2059 | D:3      | Reached XP level 4. HP: 6/28 MP: 4/7
  2060 | D:3      | Slain by an orc

Illustrated notes

Levels and vault maps discovered:
D:1:      eino_arrival_water_star, layout_basic, minivault_5, feat_on_display
D:2:      layout_basic, shapermc_ecumenical_altar_rom_forum
D:3:      layout_loops_cross, minitemple, nicolae_hepliaklqana_hazy_memory,
          zin_purify

Skill      XL: |  1  2  3 |
---------------+----------+-----
Transmutations | 3 |  3.9
Poison Magic   | 2 |  2.2
Fighting       | |  1.0
Dodging        | |  2.0
Unarmed Combat | |  3.0
Spellcasting   | |  2.0

Action                   |  1- 3 |  4- 6 || total
-------------------------+-------+-------++-------
Melee: Unarmed           |    76 |     2 ||    78
       Constrict         |    19 |       ||    19
       Kick              |    22 |       ||    22
       Tentacles         |    13 |     1 ||    14
       Punch             |     3 |       ||     3
 Cast: Beastly Appendage |    31 |       ||    31
 Stab: Sleeping          |     4 |       ||     4
Armor: Skin              |     4 |       ||     4
Dodge: Dodged            |    52 |     2 ||    54
